 Dungeon Crawl Stone Soup version 0.18-a0-1343-g48c8f86 (webtiles) character file.

79 Kidiri the Covered (level 4, -6/29 HPs)
             Began as a Gargoyle Fighter on Feb 16, 2016.
             Killed from afar by an orc wizard (10 damage)
             ... with a magic dart
             ... on level 1 of the Dungeon.
             The game lasted 00:06:06 (1326 turns).

Kidiri the Covered (Gargoyle Fighter)               Turns: 1326, Time: 00:06:06

Health: -6/29      AC: 10    Str: 20    XL:     4   Next: 38%
Magic:  4/4        EV:  7    Int:  8    God:
Gold:   53         SH:  9    Dex: 10    Spells: 0 memorised, 3 levels left

rFire  . . .     SeeInvis .     a - +0 flail
rCold  . . .     Gourm    .     b - +0 scale mail
rNeg   + . .     Faith    .     c - +0 shield
rPois  ∞         Spirit   .     (no helmet)
rElec  +         Dismiss  .     (no cloak)
rCorr  .         Reflect  .     (no gloves)
SustAt .         Harm     .     (no boots)
MR     .....                    (no amulet)
Stlth  ..........               (no ring)
                                (no ring)

@: not resistant to hostile enchantments, extremely unstealthy
A: negative energy resistance 1, electricity resistance, unbreathing,
petrification resistance, rot immunity, AC +3
a: no special abilities


You were on level 1 of the Dungeon.
You were hungry.

You visited 1 branch of the dungeon, and saw 1 of its levels.

You collected 53 gold pieces.

Inventory:

Hand Weapons
 a - a +0 flail (weapon)
Missiles
 e - 27 stones (quivered)
Armour
 b - a +0 scale mail (worn)
 c - a +0 shield (worn)
Potions
 d - a potion of might
Comestibles
 f - a bread ration
 i - a beef jerky


   Skills:
 + Level 3.7 Fighting
 * Level 2.4 Maces & Flails
 * Level 4.0 Armour
 + Level 1.0 Dodging
 * Level 3.9 Shields


You had 3 spell levels left.
You didn't know any spells.

Dungeon Overview and Level Annotations

Branches:
Dungeon (1/15)

Altars:


Innate Abilities, Weirdness & Mutations

You are resistant to torment.
Your stone body is resilient (AC +3).
You are immune to poison.
You resist negative energy.
You are resistant to electric shocks.
You can survive without breathing.
You are immune to petrification.
You are immune to rotting.


Message History

You miss something.
You are feeling hungry.
You block something's attack.
You hear some strange, mumbled words.
A magic dart appears from out of thin air!
The magic dart hits you!
* * * LOW HITPOINT WARNING * * *
You miss something. Something hits you but does no damage.
You closely miss something. Something hits you but does no damage.
You miss something. Something hits you.
* * * LOW HITPOINT WARNING * * *
Something hits you but does no damage.
Unknown command.
Unknown command.
Something hits you but does no damage.
You closely miss something.
You hear some strange, mumbled words.
A magic dart appears from out of thin air!
The magic dart hits you!
You die...

#.#........####...# #.#
#.#.######.####...### #)#
#÷#.# #.##..%....### #.##
#.).# #............# #...
##..# ####.......#.# #.#.
#..# ###...###.# #.#. #..#
#..)###.# #.#. #..#
######.#....# #.#. ####..##
#..@.o.#o#### #.#. #......#
#...####o# #####.#.
#.###..######.#.#
#.o.##....... #
#............ .....oo......
#.......)###########.o......
#.....#################.....
##...## ###......(### ##....
#..## ##...........## ##...
#..# ##....##'##....## #..#


You could see an orc.

Vanquished Creatures
  An orc priest (D:1)
  An ooze (D:1)
  3 giant cockroaches (D:1)
  6 goblins (D:1)
  2 hobgoblins (D:1)
  2 kobolds (D:1)
  5 rats (D:1)
20 creatures vanquished.

Vanquished Creatures (others)
  An orc wizard (D:1)
1 creature vanquished.

Grand Total: 21 creatures vanquished

Notes
Turn   | Place    | Note
--------------------------------------------------------------
     0 | D:1      | Kidiri the Gargoyle Fighter began the quest for the Orb.
     0 | D:1      | Reached XP level 1. HP: 14/14 MP: 1/1
   495 | D:1      | Reached XP level 2. HP: 19/19 MP: 2/2
  1023 | D:1      | Reached XP level 3. HP: 21/23 MP: 3/3
  1301 | D:1      | Reached skill level 4 in Armour
  1301 | D:1      | Reached skill level 1 in Dodging
  1301 | D:1      | Reached XP level 4. HP: 8/29 MP: 4/4
  1326 | D:1      | Killed from afar by an orc wizard

Vault maps used:
D:1:      dpeg_arrival_concentric_ovals

Action                   |  1- 3 |  4- 6 || total
-------------------------+-------+-------++-------
Melee: Flail             |    85 |    23 ||   108
Throw: Stone             |    68 |       ||    68
  Use: Scroll            |     2 |       ||     2
       Potion            |     1 |       ||     1
  Eat: Chunk             |     1 |       ||     1
